 Dungeon Crawl Stone Soup version 0.17-a0-1842-gacc33f2 (webtiles) character file.

86 Enno the Slinger (level 4, -1/29 HPs)
             Began as a Halfling Hunter on Aug 31, 2015.
             Killed from afar by an orc wizard (8 damage)
             ... with a magic dart
             ... on level 3 of the Dungeon on Sept 17, 2015.
             The game lasted 00:24:06 (1957 turns).

Enno the Slinger (Halfling Hunter)                  Turns: 1957, Time: 00:24:06

Health: -1/29      AC:  5    Str: 12    XL:     4   Next: 78%
Magic:  4/4        EV: 14    Int: 10    God:
Gold:   97         SH:  0    Dex: 15    Spells: 0 memorised, 3 levels left

rFire  . . .     SeeInvis .     a - +1 hunting sling
rCold  . . .     Clarity  .     h - +0 leather armour (curse)
rNeg   . . .     SustAt   .     (shield restricted)
rPois  .         Gourm    .     (no helmet)
rElec  .         Spirit   .     (no cloak)
rCorr  .         Warding  .     (no gloves)
rMut   .         Stasis   .     s - +1 pair of boots
MR     .....                    (no amulet)
Stlth  ++........               (no ring)
                                (no ring)

@: not resistant to hostile enchantments, unstealthy
A: mutation resistance 1
a: no special abilities


You were on level 3 of the Dungeon.
You were not hungry.

You visited 1 branch of the dungeon, and saw 3 of its levels.

You collected 97 gold pieces.

Inventory:

Hand weapons
 a - a +1 hunting sling (weapon)
 c - a +0 short sword
 f - a +0 short sword
 x - a +0 quarterstaff
 y - a +0 hunting sling
Missiles
 i - 87 stones (quivered)
 p - 20 sling bullets of frost
Armour
 d - a +0 leather armour
 g - a +0 helmet
 h - a cursed +0 leather armour (worn)
 l - a cursed -2 ring mail
 s - a +1 pair of boots (worn)
Jewellery
 v - an uncursed ring of ice {unknown}
Scrolls
 k - 3 scrolls of teleportation {unknown}
 o - a scroll of magic mapping
 w - a scroll of blinking {unknown}
Potions
 j - a potion of ambrosia {unknown}
 m - a potion of heal wounds {unknown}
 n - a potion of poison {unknown}
 q - a potion of curing {unknown}
 r - a potion of beneficial mutation {unknown}
 z - a potion of lignification {unknown}
 B - a potion of flight {unknown}
Comestibles
 e - 3 bread rations
 t - 3 fruits
 u - a meat ration


   Skills:
 + Level 2.0 Fighting
 + Level 8.1 Slings
 + Level 2.3 Dodging
 + Level 1.3 Stealth


You had 3 spell levels left.
You didn't know any spells.

Dungeon Overview and Level Annotations

Branches:
Dungeon (3/15)

Altars:
Makhleb


Innate Abilities, Weirdness & Mutations

You are small and have problems with some larger weapons.
You are somewhat resistant to further mutation.


Message History

Firing (i - inventory. (,) - cycle):
i - 90 stones (quivered)
Press: ? - help, Shift-Dir - straight line, f/p - orc
Aim: an orc, wielding a hand axe and wearing a scale mail (moderately wounded)
You shoot a stone. The stone hits the orc.
The orc is severely wounded.
Firing (i - inventory. (,) - cycle):
i - 89 stones (quivered)
Press: ? - help, Shift-Dir - straight line, f/p - orc
Aim: an orc, wielding a hand axe and wearing a scale mail (severely wounded)
You shoot a stone. The stone hits the orc.
The orc is almost dead.
Firing (i - inventory. (,) - cycle):
i - 88 stones (quivered)
Press: ? - help, Shift-Dir - straight line, f/p - orc
Aim: an orc, wielding a hand axe and wearing a scale mail (almost dead)
You shoot a stone. The stone hits the orc.
You kill the orc!
Something hits you.
* * * LOW HITPOINT WARNING * * *
A magic dart appears from out of thin air!
The magic dart hits you!
You die...

#. ((.( #. )(.# #. (((# #.
((.# #. (..# #. (..# #.
########)..# #.
#....@.....# ##.###.
#........##...#.......
#........# #.......
#####........##...###.####
#........................#
#.###........##...#......#
#.# #........# ###......#
#.# #>.......# #......#
#.# ########## #......#


There were no monsters in sight!

Vanquished Creatures
  An adder (D:3)
  An ooze (D:1)
  A worm (D:3)
  2 giant geckos
  5 orcs (D:3)
  8 hobgoblins
  7 kobolds
  A quokka (D:3)
  A ball python (D:1)
  8 bats
  6 giant cockroaches
  2 giant newts
  4 goblins
  7 jackals (D:3)
  7 rats
61 creatures vanquished.

Notes
Turn   | Place    | Note
--------------------------------------------------------------
     0 | D:1      | Enno the Halfling Hunter began the quest for the Orb.
     0 | D:1      | Reached XP level 1. HP: 14/14 MP: 1/1
    30 | D:1      | Reached skill level 6 in Slings
    98 | D:1      | Reached XP level 2. HP: 12/19 MP: 2/2
   422 | D:1      | Reached XP level 3. HP: 24/24 MP: 3/3
   498 | D:1      | Reached skill level 7 in Slings
   851 | D:1      | Upgraded the game from 0.17-a0-1738-g82cdc46 to 0.17-a0-1842-gacc33f2
  1003 | D:2      | Found a burning altar of Makhleb.
  1703 | D:3      | Reached XP level 4. HP: 29/29 MP: 4/4
  1889 | D:3      | Reached skill level 8 in Slings
  1957 | D:3      | Killed from afar by an orc wizard

Vault maps used:
D:1:      scummos_arrival_hexagon
D:2:      minivault_5, bloody_makhleb
D:3:      grunt_temple_overflow_cloverleaf

Action                   |  1- 3 |  4- 6 || total
-------------------------+-------+-------++-------
 Fire: Hunting sling     |    99 |    59 ||   158
  Use: Scroll            |     2 |       ||     2
  Eat: Beef jerky        |     1 |       ||     1
       Chunk             |       |     1 ||     1
